 Dungeon Crawl Stone Soup version 0.28-a0-413-gde365fb1df (webtiles) character file.

Game seed: 9853150911776864704

152929 robertstho the Tortoise (level 17, -6/149 (163) HPs)
             Began as a Minotaur Berserker on Sept 7, 2021.
             Was an Elder of Trog.
             Mangled by Donald (40 damage)
             ... on level 1 of the Spider Nest.
             The game lasted 00:41:46 (26518 turns).

robertstho the Tortoise (Minotaur Berserker)       Turns: 26518, Time: 00:41:47

HP:   -6/149 (163)  AC: 22    Str: 27    XL:     17   Next: 3%
MP:   16/16         EV:  8    Int:  5    God:    Trog [****..]
Gold: 1326          SH: 18    Dex: 11    Spells: 16/16 levels left

rFire   + + .      SeeInvis .   x - +3 trident "Duokaora" {spect, rF+}
rCold   + + .      Faith    .   M - +1 tower shield {rC+}
rNeg    + . .      Spirit   .   U - +0 plate armour {rN+}
rPois   +          Reflect  .   z - +2 hat
rElec   +          Harm     .   J - scarf {+Inv}
rCorr   +          Rampage  .   (no gloves)
Will    +....                   L - +0 pair of boots {Stlth+}
Stlth   ..........              E - amulet of regeneration
HPRegen 1.34/turn               h - ring of resist corrosion
MPRegen 0.15/turn               A - ring of poison resistance

@: resistant, on berserk cooldown, slowed, drained, very slow
A: horns 2, retaliatory headbutt
a: Renounce Religion, Evoke Invisibility, Berserk, Trog's Hand, Brothers in Arms


You were on level 1 of the Spider Nest.
You worshipped Trog.
Trog was greatly pleased with you.
You visited 4 branches of the dungeon, and saw 24 of its levels.
You also visited: Ice Cave.

You collected 3044 gold pieces.
You spent 1718 gold pieces at shops.

Inventory:

Hand Weapons
 x - the +3 trident "Duokaora" (weapon) {spect, rF+}
   (You found it on level 4 of the Dungeon)

   When its wielder attacks, the weapon's spirit leaps out and strikes again.
   The spirit shares a part of any damage it takes with its wielder.
   rF:        It protects you from fire.
 F - the +1 glaive of Trog's Outrage {flame, rC- Str+3 Dex+2}
   (Trog gifted it to you on level 8 of the Dungeon)

   It burns those it strikes, dealing additional fire damage.
   Big, fiery blades are also staple armaments of hydra-hunters.
   Str:       It affects your strength (+3).
   Dex:       It affects your dexterity (+2).
   rC:        It makes you vulnerable to cold.
Armour
 z - a +2 hat (worn)
 B - a +2 scale mail of cold resistance
 J - a scarf of invisibility (worn)
 L - a +0 pair of boots of stealth (worn)
 M - a +1 tower shield of cold resistance (worn)
 T - a scarf of resistance
 U - a +0 plate armour of positive energy (worn)
Jewellery
 h - a ring of resist corrosion (left hand)
 k - a ring of protection from cold
 A - a ring of poison resistance (right hand)
 C - a ring of willpower
 E - an amulet of regeneration (around neck)
 G - a ring of positive energy
 H - a ring of fire
 R - a +4 ring of slaying
 V - an amulet of reflection
 X - a ring of protection from cold
 Z - a +4 ring of protection
Wands
 m - a wand of digging (2)
 r - a wand of mindburst (94)
 D - a wand of acid (6)
 N - a wand of iceblast (38)
Scrolls
 a - 2 scrolls of enchant weapon
 b - 2 scrolls of holy word
 c - 5 scrolls of magic mapping
 f - 5 scrolls of immolation
 g - 2 scrolls of brand weapon
 j - 6 scrolls of enchant armour
 s - 5 scrolls of fog
 t - 7 scrolls of teleportation
 w - a scroll of vulnerability
 y - a scroll of silence
Potions
 d - 5 potions of curing
 o - a potion of berserk rage {unknown}
 p - a potion of invisibility {unknown}
 q - 3 potions of mutation {unknown}
 v - 3 potions of haste {unknown}
 I - 3 potions of flight {unknown}
 K - a potion of might {unknown}
 O - 2 potions of attraction
 P - a potion of cancellation
 Q - 2 potions of ambrosia
Miscellaneous
 S - a lightning rod (4/4)
 W - a tin of tremorstones (inert)


   Skills:
 * Level 18.0 Fighting
 + Level 6.6(12.4) Axes
 + Level 16.0(16.4) Polearms
 * Level 19.7 Armour
 + Level 5.6 Dodging
 + Level 4.8 Stealth
 + Level 14.4 Shields
 + Level 0.1 Evocations


You had 16 spell levels left.
You didn't know any spells.
Your spell library was empty.

Dungeon Overview and Level Annotations

Branches:
Dungeon (15/15)            Temple (0/1) D:6            Lair (6/6) D:11
  Swamp (0/4) Lair:4       Spider (1/4) Lair:2        Slime (0/5) Lair:5
    Orc (2/2) D:11            Elf (0/3) Orc:2        Vaults (0/5) D:14
 Depths (0/5) D:15          IceCv (visited)

Altars:
Ashenzari
Dithmenos
Elyvilon
Kikubaaqudgha
Sif Muna
Uskayaw
Vehumet
The Shining One
Jiyva

Shops:
D:10 !   D:11 (   D:12 =   Orc:2 ([=*

Annotations:
Spider:1 Donald


Innate Abilities, Weirdness & Mutations

You have a pair of horns on your head.
You reflexively headbutt those who attack you in melee.


Message History

The jumping spider bites your polar bear.
Your polar bear dies!
Your polar bear's corpse disappears in a puff of smoke!
You hear an angry hiss.
Aiming: Corrosive Bolt
Press: ? - help, Shift-Dir - straight line, f - Donald
Aim: Donald, wielding a +3 scimitar of draining, wearing a +6 plate armour of ponderousness and wearing the +0 kite shield of Gadys {+Inv} (heavily wounded, fast, strong, 86% to hit)
The bolt of acid hits Donald!
Donald is heavily wounded.
The jumping spider hisses angrily.
You block Donald's attack.
The jumping spider leaps!
You block Donald's attack.
The jumping spider leaps!
The tarantella bites you but does no damage.
The jumping spider leaps!
Unknown command.
Aiming: Corrosive Bolt
Press: ? - help, Shift-Dir - straight line, f/p - Donald
Aim: Donald, wielding a +3 scimitar of draining, wearing a +6 plate armour of ponderousness and wearing the +0 kite shield of Gadys {+Inv} (heavily wounded, fast, strong, 86% to hit)
The bolt of acid hits Donald but does no damage.
Donald is heavily wounded.
Your skin stops crawling.
You feel less strong-willed. Donald barely misses you. You furiously retaliate!
You headbutt Donald, but do no damage. The tarantella completely misses you.
The jumping spider leaps!
Donald hits you with a +3 scimitar of draining!
* * * LOW HITPOINT WARNING * * *
You partially resist.
You feel drained.
* * * LOW HITPOINT WARNING * * *
The tarantella bites you but does no damage.
The jumping spider leaps!
You block Donald's attack.
Aiming: Corrosive Bolt
Press: ? - help, Shift-Dir - straight line, f/p - Donald
Aim: Donald, wielding a +3 scimitar of draining, wearing a +6 plate armour of ponderousness and wearing the +0 kite shield of Gadys {+Inv} (heavily wounded, fast, strong, 86% to hit)
The bolt of acid hits Donald but does no damage.
Donald is heavily wounded.
The tarantella bites you!
* * * LOW HITPOINT WARNING * * *
The jumping spider leaps! x3
Donald hits you with a +3 scimitar of draining!!!
You die...

..^...#.#..#..#..##.#
.#.#............#^# #
.......#..#.##○#...#####
.#.#.....#.°......#.#s.#
...##.(#........#.°.....#
#(.$.#.#.#.#....#.#s....#
..#.#.#s....#..ss.†○.####
.....#..#s.....#@s..##
......... #...#@##.#
......... #.#.#######
s#...#.#...# ## #.....#
#.# ....#[...^ ...[..#.#
.#.#...^# ...#.#.#
........


You could see Donald (fast, strong), 4 jumping spiders and a tarantella.

Vanquished Creatures
  Gastronok (D:11)
  2 orc warlords
  An ironbound preserver (D:14)
  The ghost of finalsalamander the Severer, a journeyman NaWn of Gozag (Lair:4)
  An entropy weaver (Spider:1)
  A dire elephant (D:15)
  Snorg (D:10)
  A crystal guardian (D:13)
  2 fire dragons (D:13)
  5 boulder beetles
  19 hydras
  An ogre mage (D:15)
  3 catoblepae
  3 centaur warriors
  A death knight (D:15)
  8 death yaks
  5 two-headed ogres
  The ghost of Jukk the Destroyer, a journeyman DECj of Vehumet (Lair:1)
  A deep troll shaman (Lair:6)
  A tengu warrior (D:14)
  7 orc high priests
  6 skeletal warriors
  A shadow wraith (D:13)
  2 lindwurms
  Pikel (D:6)
  A phantasmal warrior (D:13)
  6 orc knights
  3 oklob plants
  6 wolf spiders
  8 ugly things
  4 deep elf pyromancers
  A salamander (D:15)
  3 orc sorcerers (Orc:2)
  13 cyclopes
  Maurice (D:12)
  3 manticores
  18 elephants
  Joseph (D:10)
  2 torpor snails
  4 black mambas
  An ice statue (IceCv)
  A gargoyle (D:13)
  18 cane toads
  2 rime drakes (Lair:5)
  Psyche (D:11)
  An unseen horror (D:11)
  Maggie (D:8)
  2 kobold demonologists
  A tengu conjurer (D:14)
  2 efreet
  A yaktaur (D:13)
  5 komodo dragons
  A demonic crawler (Spider:1)
  2 ice devils (Lair:2)
  3 freezing wraiths (D:13)
  A jumping spider (Spider:1)
  A meliai (D:14)
  4 trolls
  A wolf spider simulacrum (D:14)
  21 polar bears
  A hornet (shapeshifter) (D:13)
  2 hornets (Lair:2)
  2 tyrant leeches (Lair:4)
  2 slime creatures
  7 dream sheep (Lair:6)
  34 blink frogs
  A centaur simulacrum (D:13)
  8 tarantellas (Spider:1)
  3 wraiths
  14 redbacks
  10 wyverns
  50 yaks
  2 shadows
  2 vampires
  2 hogs (D:7)
  12 vampire mosquitoes
  3 basilisks
  3 steam dragons
  4 wargs
  A swamp worm (Lair:4)
  16 water moccasins
  An acid dragon (D:9)
  37 orc warriors
  2 sky beasts (D:6)
  9 black bears
  A hornet zombie (D:8)
  A necrophage (D:6)
  8 ogres
  2 phantoms
  39 wolves
  13 centaurs
  A kobold brigand (D:8)
  13 bullfrogs
  4 scorpions
  A gnoll sergeant (D:9)
  2 killer bees (D:10)
  8 wights
  2 howler monkeys
  2 centaur zombies
  2 jellies (D:6)
  2 bullfrog zombies (D:6)
  A gnoll shaman (D:10)
  16 orc priests
  6 hounds
  A bullfrog skeleton (D:6)
  A centaur skeleton (D:6)
  Ijyb (D:3)
  Natasha (D:2)
  24 orc wizards
  An iguana (D:7)
  A killer bee zombie (D:8)
  A hound zombie (D:5)
  A hound skeleton (D:5)
  18 gnolls
  3 howler monkey zombies
  7 adders
  A shadow imp (D:6)
  3 white imps
  3 ufetubi
  An adder skeleton (D:4)
  4 dart slugs
  66 orcs
  5 endoplasms
  9 giant cockroaches
  8 goblins
  8 hobgoblins
  6 jackals
  14 kobolds
  2 quokkas
  6 ball pythons
  7 bats
  3 frilled lizards
  3 rats
781 creatures vanquished.

Vanquished Creatures (collateral kills)
  Kirke (Lair:6)
  A frost giant (IceCv)
  An entropy weaver (Spider:1)
  The ghost of Qiur the Thaumaturge, a journeyman DECj of Vehumet (Lair:6)
  A hydra (Lair:6)
  A death knight (D:13)
  2 death yaks (IceCv)
  3 orb spiders (Spider:1)
  A manticore (D:13)
  A cyclops (D:10)
  4 wolf spiders
  A cane toad (Lair:6)
  A rime drake (IceCv)
  A komodo dragon (shapeshifter) (D:13)
  5 demonic crawlers (Spider:1)
  2 jumping spiders (Spider:1)
  A troll (Orc:2)
  A wind drake (shapeshifter) (D:13)
  12 redbacks (Spider:1)
  A hog (Lair:6)
  A warg (Orc:2)
  A water moccasin (Lair:6)
  3 orc warriors (Orc:2)
  A centaur (D:10)
  4 wolves (IceCv)
  3 killer bees (D:10)
  An orc wizard (Orc:2)
  An orc (Orc:2)
  2 kobolds (D:10)
59 creatures vanquished.

Vanquished Creatures (others)
  2 humans
  Jessica (D:3)
  An orc wizard (D:13)
  A ball python (D:3)
  A bush (Lair:3)
  31 fungi
  66 plants
103 creatures vanquished.

Grand Total: 943 creatures vanquished

Notes
Turn   | Place    | Note
-------+----------+-------------------------------------------
     0 | D:1      | robertstho the Minotaur Berserker began the quest for the
                  | Orb.
     0 | D:1      | Reached XP level 1. HP: 19/19 MP: 0/0
   160 | D:1      | Reached XP level 2. HP: 23/27 MP: 1/1
   656 | D:1      | Found a faded altar of an unknown god.
   994 | D:2      | Reached XP level 3. HP: 21/34 MP: 2/2
  1187 | D:2      | Reached ** piety under Trog
  1290 | D:2      | Reached skill level 3 in Armour
  1373 | D:2      | Reached XP level 4. HP: 41/41 MP: 3/3
  1379 | D:2      | Reached skill level 5 in Fighting
  1871 | D:2      | Noticed Natasha
  1878 | D:2      | Killed Natasha
  2193 | D:3      | Reached XP level 5. HP: 28/48 MP: 4/4
  2200 | D:3      | Killed Jessica
  2456 | D:3      | Found an ancient bone altar of Kikubaaqudgha.
  2457 | D:3      | Noticed a human
  2461 | D:3      | Killed a human
  2603 | D:3      | Reached *** piety under Trog
  2764 | D:3      | Noticed Ijyb
  2772 | D:3      | Killed Ijyb
  3091 | D:3      | Found a radiant altar of Vehumet.
  3294 | D:4      | Reached skill level 5 in Axes
  3474 | D:4      | Reached XP level 6. HP: 54/57 MP: 5/5
  3522 | D:4      | Reached skill level 4 in Armour
  3906 | D:4      | Identified the +3 trident "Duokaora" {spect, rF+}
  3934 | D:4      | Found a shadowy altar of Dithmenos.
  4090 | D:5      | Entered Level 5 of the Dungeon
  4571 | D:5      | Reached skill level 1 in Stealth
  4571 | D:5      | Reached XP level 7. HP: 64/64 MP: 6/6
  4576 | D:5      | Reached skill level 5 in Armour
  4809 | D:5      | Reached skill level 1 in Polearms
  4863 | D:5      | Reached **** piety under Trog
  5270 | D:6      | Reached skill level 6 in Armour
  5356 | D:6      | Reached XP level 8. HP: 69/71 MP: 7/7
  5392 | D:6      | Noticed Pikel
  5401 | D:6      | Killed Pikel
  5402 | D:6      | Reached skill level 7 in Armour
  5506 | D:6      | Reached skill level 8 in Armour
  5540 | D:6      | Reached skill level 5 in Polearms
  5644 | D:6      | Found a staircase to the Ecumenical Temple.
  5764 | D:6      | Reached XP level 9. HP: 80/80 MP: 8/8
  6058 | D:6      | Reached skill level 9 in Armour
  6136 | D:6      | Identified the +3 flail of Wondrous Power {pain, Fly rPois
                  | rF+++ rC+ SInv}
  6613 | D:7      | Reached skill level 1 in Shields
  6752 | D:7      | Found a huge runed translucent gate.
  6752 | D:7      | Found a huge runed translucent gate.
  6752 | D:7      | Found a huge runed translucent gate.
  6752 | D:7      | Noticed a polar bear
  6752 | D:7      | Noticed a polar bear
  6753 | D:7      | Found a huge runed translucent gate.
  6753 | D:7      | Noticed a polar bear
  6753 | D:7      | Noticed a polar bear
  6753 | D:7      | Noticed a polar bear
  6754 | D:7      | Noticed a polar bear
  6754 | D:7      | Noticed a polar bear
  6982 | D:7      | Reached skill level 10 in Armour
  6995 | D:7      | Reached XP level 10. HP: 78/91 MP: 9/9
  7172 | D:7      | Found a shimmering blue altar of Sif Muna.
  7181 | D:7      | Reached ***** piety under Trog
  7395 | D:7      | Reached skill level 10 in Polearms
  7408 | D:7      | Reached skill level 11 in Armour
  7933 | D:8      | Identified the +0 robe "Reh Kamu" {Contam Rampage rF+++
                  | Dex+2}
  8018 | D:8      | Reached skill level 10 in Fighting
  8066 | D:8      | Noticed Maggie
  8073 | D:8      | Killed Maggie
  8074 | D:8      | Reached XP level 11. HP: 99/99 MP: 10/10
  8077 | D:8      | Reached skill level 12 in Armour
  8131 | D:8      | Identified the +1 glaive of Trog's Outrage {flame, rC-
                  | Str+3 Dex+2} (Trog gifted it to you on level 8 of the
                  | Dungeon)
  8131 | D:8      | Received a gift from Trog
  8440 | D:8      | Found a glowing golden altar of the Shining One.
  9151 | D:9      | Noticed a two-headed ogre
  9156 | D:9      | Killed a two-headed ogre
  9538 | D:10     | Entered Level 10 of the Dungeon
  9735 | D:10     | Reached skill level 13 in Armour
 10032 | D:10     | Noticed Joseph
 10051 | D:10     | Killed Joseph
 10086 | D:10     | Noticed Snorg
 10098 | D:10     | Killed Snorg
 10169 | D:10     | Noticed a two-headed ogre
 10175 | D:10     | Killed a two-headed ogre
 10302 | D:10     | Found Ila Err's Distillery.
 10303 | D:10     | Found a white marble altar of Elyvilon.
 10309 | D:10     | Bought 2 potions of heal wounds for 150 gold pieces
 10309 | D:10     | Bought 2 potions of curing for 90 gold pieces
 10309 | D:10     | Bought a potion of curing for 45 gold pieces
 10309 | D:10     | Bought a potion of attraction for 45 gold pieces
 10309 | D:10     | Bought a potion of curing for 45 gold pieces
 10309 | D:10     | Bought a potion of cancellation for 120 gold pieces
 10309 | D:10     | Bought a potion of ambrosia for 120 gold pieces
 10607 | D:11     | Found a broken altar of Ashenzari.
 10698 | D:11     | Reached XP level 12. HP: 110/110 MP: 11/11
 10744 | D:11     | Noticed a two-headed ogre
 10747 | D:11     | Killed a two-headed ogre
 10748 | D:11     | Reached skill level 14 in Armour
 10748 | D:11     | Found a staircase to the Lair.
 11162 | D:11     | Found Vuaguah's Weapon Boutique.
 11353 | D:11     | Noticed Psyche
 11357 | D:11     | Killed Psyche
 11408 | D:11     | Noticed Gastronok
 11418 | D:11     | Killed Gastronok
 11537 | D:11     | Found a staircase to the Orcish Mines.
 11799 | D:12     | Noticed a boulder beetle
 11823 | D:12     | Killed a boulder beetle
 12100 | D:12     | Noticed a seven-headed hydra
 12108 | D:12     | Killed a seven-headed hydra
 12121 | D:12     | Noticed Maurice
 12148 | D:12     | Killed Maurice
 12574 | D:12     | Found Lauh's Jewellery Emporium.
 12619 | D:13     | Noticed a five-headed hydra
 12621 | D:13     | Noticed a centaur warrior
 12628 | D:13     | Killed a five-headed hydra
 12629 | D:13     | Reached skill level 15 in Armour
 12635 | D:13     | Killed a centaur warrior
 12949 | D:13     | Noticed a death knight
 12957 | D:13     | Killed a death knight
 12958 | D:13     | Reached skill level 5 in Shields
 12958 | D:13     | Reached XP level 13. HP: 56/122 MP: 6/12
 13345 | D:13     | Noticed a crystal guardian
 13457 | D:13     | Killed a crystal guardian
 14010 | D:13     | Noticed a fire dragon
 14021 | D:13     | Killed a fire dragon
 14060 | D:13     | Noticed a fire dragon
 14071 | D:13     | Killed a fire dragon
 14076 | D:13     | Reached skill level 16 in Armour
 15091 | Orc:1    | Entered Level 1 of the Orcish Mines
 15151 | Orc:2    | Entered Level 2 of the Orcish Mines
 15151 | Orc:2    | Found Plog's Antique Armour Boutique.
 15417 | Orc:2    | Received a gift from Trog
 15901 | Orc:2    | Noticed an orc warlord
 16195 | Lair:1   | Entered Level 1 of the Lair of Beasts
 16388 | Lair:1   | Found a runed translucent gate.
 16502 | D:12     | Bought an amulet of reflection for 480 gold pieces
 16802 | Lair:1   | Found a runed translucent gate.
 16804 | Lair:1   | Found a runed translucent gate.
 17109 | Lair:1   | Noticed Jukk's ghost (journeyman DECj)
 17224 | Lair:1   | Killed Jukk's ghost
 17396 | Lair:2   | Reached XP level 14. HP: 125/132 MP: 13/13
 17718 | Lair:2   | Found a frozen archway.
 17736 | IceCv    | Entered an ice cave
 17741 | IceCv    | Received a gift from Trog
 17835 | IceCv    | Reached skill level 17 in Armour
 18285 | IceCv    | Noticed a frost giant
 18295 | IceCv    | Killed a frost giant
 18722 | Lair:2   | Found a hole to the Spider Nest.
 18913 | Lair:2   | Identified the +2 robe "Ocuiha Myta" {Str+2}
 19244 | Lair:2   | Reached skill level 10 in Shields
 19300 | Lair:2   | Reached skill level 15 in Fighting
 19580 | Lair:3   | Reached skill level 5 in Dodging
 19849 | Lair:3   | Received a gift from Trog
 20362 | Lair:4   | Noticed finalsalamander's ghost (journeyman NaWn)
 20362 | Lair:4   | Found a runed translucent door.
 20433 | Lair:4   | Reached XP level 15. HP: 141/141 MP: 14/14
 20562 | Lair:4   | Found a staircase to the Swamp.
 20693 | Lair:4   | Reached skill level 18 in Armour
 21224 | Lair:4   | Killed finalsalamander's ghost
 21287 | Lair:5   | Reached skill level 15 in Polearms
 21429 | Lair:5   | Found a viscous altar of Jiyva.
 21430 | Lair:5   | Found a staircase to the Slime Pits.
 22003 | Lair:6   | Entered Level 6 of the Lair of Beasts
 22132 | Lair:6   | Found a runed translucent gate.
 22135 | Lair:6   | Found a runed translucent gate.
 22135 | Lair:6   | Noticed Qiur's ghost (journeyman DECj)
 22148 | Lair:6   | Received a gift from Trog
 22149 | Lair:6   | Found a runed translucent gate.
 22186 | Lair:6   | Killed Qiur's ghost
 22189 | Lair:6   | Noticed Kirke
 22193 | Lair:6   | Killed Kirke
 22633 | Lair:6   | Found a shimmering blue altar of Sif Muna.
 23377 | Orc:1    | Killed an orc warlord
 23378 | Orc:1    | Reached XP level 16. HP: 148/154 MP: 15/15
 23505 | Orc:2    | Reached ****** piety under Trog
 23573 | Orc:2    | Found Oxoretz's Antique Weapon Shop.
 23676 | Orc:2    | Received a gift from Trog
 23762 | Orc:2    | Found Sann's Jewellery Shoppe.
 23804 | Orc:2    | Bought an embroidered scarf for 264 gold pieces
 23804 | Orc:2    | Bought a pair of embroidered boots for 247 gold pieces
 23842 | Orc:2    | Found a staircase to the Elven Halls.
 23853 | Orc:2    | Found Zafea's General Store.
 23883 | Orc:2    | Reached skill level 19 in Armour
 23997 | Orc:2    | Bought a scroll of silence for 112 gold pieces
 24993 | D:14     | Found a gate to the Vaults.
 25533 | D:15     | Entered Level 15 of the Dungeon
 25533 | D:15     | Found a hide-covered altar of Uskayaw.
 25778 | D:15     | Received a gift from Trog
 25785 | D:15     | Found a staircase to the Depths.
 26324 | Spider:1 | Entered Level 1 of the Spider Nest
 26330 | Spider:1 | Identified the +0 kite shield of Gadys {+Inv}
 26330 | Spider:1 | Noticed Donald
 26365 | Spider:1 | HP: 6/154 [tarantella (5)]
 26374 | Spider:1 | Identified a scroll of acquirement
 26374 | Spider:1 | Acquired a +2 pair of gloves of strength
 26496 | Spider:1 | Reached XP level 17. HP: 88/152 MP: 16/16
 26518 | Spider:1 | Mangled by Donald

Illustrated notes

Levels and vault maps discovered:
D:1:      nzn_arrival_settlement, layout_basic,
          shapermc_ecumenical_altar_mp_urbaneastern,
          chequers_serial_rivers_small_b
D:2:      layout_loops_cross, uniq_natasha
D:3:      minmay_roachtagon, layout_loops_ring, tgw_kikubaaqudgha,
          fiery_altar_vehumet, uniq_jessica, uniq_ijyb
D:4:      layout_gridville, mainiacjoe_overflow_alcove_4, chequers_mini_garden,
          kennysheep_generic_room_2
D:5:      layout_basic, serial_bayou, serial_bayou_pond_d, serial_bayou_shore_a,
          serial_bayou_pond_e, serial_bayou_shore_b, nicolae_underground_beach
D:6:      minmay_skewed_foursquare, layout_cave_pools,
          minmay_temple_entry_statues_fountains, hangedman_minor_gate_pass,
          uniq_pikel
D:7:      lemuel_bear_cage, layout_basic, kennysheep_orc_sif_temple
D:8:      layout_basic, kennysheep_mini_moat, minmay_three_doors, uniq_maggie
D:9:      layout_stronghold, minmay_starry_boxes
D:10:     layout_basic, elyvilon_altar_5, serial_shops, shop, grunt_potential,
          uniq_snorg, uniq_joseph
D:11:     layout_roguey, dpeg_oklobed_lair, hiddenorc1_lemuel, serial_shops,
          shop_statue, evilmike_ruin_ashenzari, uniq_psyche, uniq_gastronok
D:12:     layout_big_octagon, serial_shops, kennysheep_mini, uniq_maurice
D:13:     minmay_crescents, layout_layer_cave, kennysheep_four_rooms
D:14:     layout_roguey, skrybe_vaults_entry_preservation, chequers_avenue,
          minivault_27, kennysheep_path_1, grunt_decor_one_mirror
D:15:     hangedman_depths_entry_try_elsewhere_first, layout_rooms,
          nicolae_uskayaw_murder_on_the_dancefloor, serial_bayou_pond_e
Lair:1:   layout_regular_city, ebering_ghost_rock_garden
Lair:2:   cheibrodos_lair_overgrown_chateau, layout_hall_layers,
          spider_nest_entry_webs, portal_ice_cave_demonic_guard,
          infiniplex_staircase_pool_2
Lair:3:   layout_loops_ring, grunt_megastairs_3
Lair:4:   layout_loops_ring, palyth_hydra_swamp_entry,
          ebering_ghost_inner_flame, wad_woods_03
Lair:5:   layout_misc_corridors, slime_altar_1, nicolae_lair_yak_garden,
          grunt_megastairs_5, lemuel_fruit_fields
Lair:6:   grunt_lair_end_beastmaster, layout_regular_city,
          gammafunk_ghost_hydra_chop, st_stairs_7, serial_bayou_pond_c,
          lemuel_centaur_altar, uniq_kirke
Spider:1: layout_spider_delve, uniq_donald
Orc:1:    layout_diamond_mine
Orc:2:    grunt_orc_gardens, layout_caves, grunt_orc_garden, grunt_orc_garden,
          grunt_orc_garden, grunt_orc_garden

Skill      XL: |  1  2  3  4  5  6  7  8  9 10 11 12 13 14 15 16 |
---------------+-------------------------------------------------+-----
Fighting       | 4 5 6 7 9 10 11 13 14 15 16 18 | 18.0
Axes           | 4 5 6 |  6.6
Armour         | 3 4 6 8 10 11 13 15 16 17 18 19 | 19.7
Dodging        | 3 4 5 |  5.6
Stealth        | 1 2 3 4 |  4.8
Polearms       | 2 5 8 10 12 13 14 15 16 | 16.0
Shields        | 1 2 3 5 8 10 12 14 | 14.4
Evocations     | |  0.1

Action                   |  1- 3 |  4- 6 |  7- 9 | 10-12 | 13-15 | 16-18 || total
-------------------------+-------+-------+-------+-------+-------+-------++-------
Melee: Hand axe          |    61 |   142 |       |       |       |       ||   203
       Headbutt          |     7 |    25 |    22 |    89 |   268 |   105 ||   516
       Trident           |       |    13 |   149 |   394 |  1088 |   474 ||  2118
Invok: Berserk           |     1 |     4 |       |    10 |    14 |    11 ||    40
       Brothers in Arms  |       |       |       |     3 |     3 |     9 ||    15
       Trog's Hand       |       |       |       |     2 |     2 |     4 ||     8
 Abil: Evoke Invisibilit |       |       |       |       |       |     1 ||     1
Evoke: Wand              |       |       |       |       |       |     8 ||     8
       Tin of tremorston |       |       |       |       |       |     2 ||     2
  Use: Scroll            |       |       |       |    12 |     4 |     9 ||    25
       Potion            |       |       |       |     2 |       |    12 ||    14
 Stab: Distracted        |       |       |     1 |     2 |    17 |    12 ||    32
       Petrified         |       |       |       |       |     3 |       ||     3
       Invisible         |       |       |       |       |       |     1 ||     1
Armor: Animal skin       |    13 |     8 |       |       |       |       ||    21
       Scale mail        |       |    36 |       |       |       |       ||    36
       Plate armour      |       |       |    37 |   227 |   667 |   265 ||  1196
Dodge: Dodged            |    60 |    96 |    16 |   107 |   234 |   153 ||   666
Block: Buckler           |       |       |     7 |    42 |       |       ||    49
       Tower shield      |       |       |       |    73 |   812 |   490 ||  1375

Table legend: (Time is in decaauts)
 A = Elapsed time spent in this place.
 B = Non-inter-level travel time spent in this place.
 C = Inter-level travel time spent in this place.
 D = Time resting spent in this place.
 E = Time spent auto-exploring this place.
 F = Levels seen in this place.
 G = Mean time per level.
                   A        B        C        D        E       F      G
               +--------+--------+--------+--------+--------+-----+--------+
         Total |  26752 |  25135 |   1617 |   2193 |  18147 |  25 | 1070.1 |
       Dungeon |  17205 |  16103 |   1102 |    873 |  12803 |  15 | 1147.0 |
          Lair |   6168 |   5754 |    414 |    245 |   4274 |   6 | 1028.0 |
   Spider Nest |    194 |    194 |      0 |      6 |      0 |   1 |  194.0 |
  Orcish Mines |   2243 |   2144 |     99 |    982 |    691 |   2 | 1121.5 |
      Ice Cave |    940 |    940 |      0 |     87 |    377 |   1 |  940.0 |
               +--------+--------+--------+--------+--------+-----+--------+

Top non-repeatable levels by time:
    D:13: 2272 daAuts
    D:11: 1596 daAuts
     D:7: 1595 daAuts
   Orc:1: 1356 daAuts
  Lair:2: 1258 daAuts
     D:2: 1222 daAuts
  Lair:6: 1217 daAuts
     D:5: 1181 daAuts
  Lair:1: 1131 daAuts
     D:3: 1098 daAuts
     D:9: 1072 daAuts
    D:10: 1055 daAuts
    D:12: 1051 daAuts
     D:1: 985 daAuts
  Lair:4: 961 daAuts
